Map: Jagannatha LE

Players

GogojOey

  • Race: Zerg Zerg

Has - Winner!

  • Race: Protoss Protoss

VOD

Have the link to the VOD?

Description

Time

  • Played on: Oct. 1, 2021, 7:41 a.m.
  • Length: 12:25
Show
View Real Time Build Order
Export as new Build Order

GogojOey Zerg 

Build Orders: Hatch First 

Get SALT Encoding   

  12  0:00  Drone  
  13  0:12  Overlord  
  13  0:17  Drone  
  14  0:30  Drone x2  
  16  0:43  Drone  
  16  0:45  Drone  
  18  0:55  Hatchery  
  17  0:58  Drone  
  17  1:01  Extractor  
  17  1:13  Spawning Pool  
  17  1:17  Drone  
  17  1:20  Drone  
  18  1:28  Drone  
  20  1:40  Drone  
  20  1:51  Drone  
  20  1:52  Hatchery  
  21  2:03  Queen, Roach Warren  
  21  2:04  Extractor  
  21  2:06  Zergling x2  
  22  2:11  Metabolic Boost  
  22  2:13  Overlord  
  24  2:33  Drone x2, Hatchery  
  25  2:42  Queen  
  27  2:44  Zergling x2  
  28  2:53  Zergling x2  
  30  3:05  Drone x2  
  30  3:06  Queen  
  30  3:12  Drone x3  
  36  3:18  Overlord  
  35  3:32  Zergling x2  
  36  3:35  Queen  
  36  3:37  Drone x3  
  36  3:39  Drone  
  42  3:43  Queen  
  42  3:46  Spore Crawler  
  42  3:47  Drone  
  44  3:53  Drone x2  
  46  3:58  Overlord  
  46  3:59  Drone x2  
  48  4:03  Spore Crawler  
  48  4:04  Drone  
  48  4:07  Drone  
  48  4:08  Drone  
  50  4:13  Spore Crawler  
  49  4:19  Drone x5  
  54  4:27  Overlord  
  54  4:30  Extractor  
  52  4:36  Overlord  
  52  4:42  Extractor  
  52  4:43  Lair  
  52  4:44  Extractor  
  50  4:48  Drone x2  
  50  4:49  Overlord  
  50  4:50  Drone x5  
  57  4:59  Drone x2  
  58  5:01  Evolution Chamber  
  58  5:02  Roach Warren  
  58  5:03  Drone  
  58  5:05  Queen  
  59  5:11  Drone x4  
  63  5:16  Drone x3  
  63  5:17  Drone  
  66  5:22  Zergling x6  
  66  5:24  Zergling x2  
  66  5:25  Zergling x2  
  70  5:32  Zergling x2  
  68  5:35  Drone x2  
  63  5:45  Drone x9  
  63  5:46  Drone  
  71  5:51  Zerg Missile Weapons Level 1  
  71  5:53  Overseer  
  71  5:54  Glial Reconstitution  
  71  5:58  Drone x2  
  71  6:03  Spire  
  72  6:07  Drone, Extractor  
  72  6:12  Overlord  
  72  6:13  Overlord x2  
  72  6:17  Overlord  
  71  6:20  Extractor  
  71  6:21  Drone, Overlord  
  71  6:24  Overlord  
  71  6:25  Drone  
  73  6:28  Overlord  
  73  6:32  Roach x6  
  85  6:37  Roach x3  
  90  6:42  Drone x2  
  90  6:43  Roach x2  
  90  6:44  Drone  
  97  6:51  Roach x4  
  105  6:56  Roach  
  105  6:58  Roach  
  105  6:59  Ravager x2  
  111  7:01  Zergling x4, Roach  
  111  7:05  Zergling x6, Roach  
  111  7:08  Ravager  
  118  7:09  Zergling x4, Roach  
  118  7:12  Overlord  
  121  7:17  Overlord  
  120  7:23  Ravager  
  121  7:34  Zergling x18, Roach  
  130  7:40  Drone x4  
  131  7:44  Drone  
  131  7:45  Drone  
  131  7:47  Drone  
  126  7:53  Hatchery  
  126  7:57  Zergling x4, Roach  
  108  8:04  Queen x2  
  108  8:05  Queen  
  106  8:06  Roach x5  
  106  8:10  Roach x4  
  124  8:14  Zerg Missile Weapons Level 2  
  124  8:15  Evolution Chamber  
  124  8:16  Ravager x2  
  128  8:20  Zergling x4, Roach  
  128  8:23  Extractor  
  128  8:28  Roach  
  128  8:29  Overseer  
  128  8:33  Roach x2  
  134  8:37  Roach  
  134  8:38  Roach  
  134  8:39  Overlord  
  138  8:44  Overlord x2  
  137  8:50  Overlord  
  137  8:51  Overlord  
  137  8:52  Zerg Melee Weapons Level 1  
  136  8:58  Zergling x8, Roach x2  
  136  9:04  Hatchery, Roach x4  
  136  9:05  Roach  
  136  9:07  Ravager  
  136  9:08  Ravager x2  
  148  9:10  Zergling x6, Roach  
  150  9:17  Zergling x6  
  150  9:20  Infestation Pit  
  150  9:22  Zergling x2  
  150  9:23  Ravager  
  150  9:24  Ravager  
  155  9:27  Zergling x4, Roach x2  
  161  9:38  Zergling x4, Roach x3  
  163  9:44  Zergling x4, Roach  
  161  9:55  Zergling x6, Roach x5  
  174  10:00  Roach  
  174  10:03  Hive  
  174  10:04  Zergling x6  
  174  10:09  Infestor  
  174  10:10  Roach  
  173  10:15  Infestor  
  173  10:17  Zergling x4  
  177  10:26  Zergling x10  
  182  10:31  Zergling x4  
  182  10:32  Overlord x3  
  184  10:38  Spine Crawler  
  184  10:39  Spore Crawler, Overlord  
  182  10:43  Roach  
  180  10:59  Zergling x28, Roach  
  176  11:06  Drone x4  
  180  11:14  Drone x2  
  180  11:18  Zergling x2, Roach x2  
  182  11:28  Zergling x12, Roach  
  169  11:42  Zergling x18, Roach  
  148  11:47  Zergling x6, Roach  
  148  11:52  Zergling x2, Roach  
  148  11:53  Zergling x4  
  115  11:58  Zergling x8, Roach x2  
  99  12:05  Roach x2  
Show
View Real Time Build Order
Export as new Build Order

Has Protoss - Winner!

Build Orders: Oracle Opening 

Get SALT Encoding   

  12  0:00  Probe  
  13  0:12  Probe  
  14  0:18  Pylon  
  14  0:24  Probe (Chrono Boost)  
  15  0:37  Probe (Chrono Boost)  
  15  0:38  Gateway  
  16  0:45  Probe (Chrono Boost)  
  17  0:51  Probe  
  17  0:54  Assimilator  
  18  1:03  Probe  
  19  1:11  Forge  
  19  1:15  Probe  
  20  1:25  Cybernetics Core  
  20  1:27  Probe  
  21  1:36  Pylon  
  21  1:44  Probe  
  22  1:56  Photon Cannon  
  22  2:01  Probe  
  22  2:03  Warp Gate  
  22  2:06  Nexus  
  23  2:12  Assimilator  
  23  2:14  Probe  
  24  2:19  Adept (Chrono Boost)  
  26  2:28  Probe, Pylon  
  27  2:41  Probe  
  27  2:43  Adept (Chrono Boost)  
  30  2:53  Probe  
  30  2:54  Stargate  
  31  3:09  Pylon  
  31  3:18  Probe (Chrono Boost)  
  32  3:20  Probe (Chrono Boost)  
  32  3:21  Pylon  
  33  3:29  Stalker, Probe (Chrono Boost)  
  33  3:30  Probe (Chrono Boost)  
  33  3:34  Probe (Chrono Boost)  
  37  3:35  Probe (Chrono Boost)  
  37  3:38  Oracle (Chrono Boost)  
  42  3:44  Probe  
  42  3:47  Probe  
  44  3:53  Gateway  
  44  3:56  Probe  
  44  3:57  Shield Battery  
  44  3:59  Probe  
  44  4:01  Pylon  
  46  4:09  Probe  
  47  4:10  Oracle  
  50  4:17  Nexus  
  50  4:21  Probe  
  50  4:22  Probe  
  51  4:33  Probe  
  51  4:34  Probe  
  51  4:35  Adept  
  51  4:37  Assimilator  
  55  4:39  Pylon  
  55  4:45  Probe  
  56  4:50  Adept  
  56  4:52  Protoss Ground Weapons Level 1 (Chrono Boost), Pylon  
  58  4:55  Twilight Council, Probe  
  59  5:04  Adept  
  59  5:07  Probe  
  62  5:12  Gateway, Probe  
  63  5:14  Adept  
  63  5:15  Gateway  
  63  5:20  Probe  
  66  5:23  Gateway  
  66  5:24  Gateway  
  66  5:30  Probe  
  66  5:31  Probe  
  66  5:33  Probe  
  61  5:43  Probe x2  
  61  5:45  Probe  
  61  5:48  Blink (Chrono Boost)  
  62  5:50  Pylon  
  62  5:54  Stalker x2  
  67  5:59  Gateway  
  67  6:00  Gateway  
  67  6:01  Probe  
  67  6:03  Probe  
  68  6:06  Probe  
  68  6:10  Sentry  
  68  6:11  Sentry, Shield Battery  
  73  6:20  Stalker x3  
  73  6:21  Stalker  
  81  6:26  Probe x3  
  81  6:29  Pylon  
  84  6:38  Stalker x2  
  88  6:41  Assimilator  
  88  6:42  Pylon  
  88  6:46  Probe x2  
  90  6:47  Assimilator, Probe  
  90  6:50  Photon Cannon  
  90  6:52  Stalker x2  
  95  6:58  Stalker  
  95  6:59  Stalker  
  99  7:04  Stalker  
  99  7:06  Probe x2  
  103  7:09  Stalker  
  103  7:10  Zealot  
  103  7:11  Zealot  
  103  7:14  Pylon  
  109  7:17  Stalker  
  111  7:34  Stalker x4  
  111  7:36  Probe x3  
  120  7:47  Stalker x3  
  120  7:48  Nexus  
  120  7:51  Pylon  
  118  7:58  Protoss Ground Armor Level 1 (Chrono Boost)  
  113  8:00  Stalker x4  
  113  8:02  Probe x2  
  121  8:06  Probe  
  121  8:10  Pylon  
  121  8:12  Forge  
  122  8:16  Probe  
  122  8:17  Probe  
  122  8:18  Assimilator  
  124  8:23  Stalker x3  
  124  8:24  Stalker  
  132  8:28  Pylon  
  132  8:36  Stalker x4  
  132  8:40  Protoss Ground Weapons Level 2 (Chrono Boost)  
  140  8:41  Pylon  
  140  8:50  Probe x3  
  140  8:54  Photon Cannon  
  143  8:56  Shield Battery  
  141  9:09  Probe x2  
  143  9:13  Stalker x6  
  155  9:17  Stalker  
  157  9:41  Stalker x3  
  161  9:51  Stalker x4  
  157  9:55  Gateway  
  157  9:57  Gateway  
  157  9:59  Gateway  
  157  10:03  Gateway  
  157  10:05  Pylon  
  157  10:10  Stalker x3  
  164  10:14  Assimilator x2  
  164  10:17  Pylon  
  163  10:27  Stalker x4  
  169  10:33  Stalker  
  169  10:34  Probe  
  172  10:36  Pylon  
  172  10:38  Stalker x2  
  172  10:42  Robotics Facility  
  176  10:50  Stalker x2  
  176  10:53  Nexus, Pylon  
  176  10:54  Pylon  
  176  11:00  Stalker x7  
  187  11:05  Forge  
  187  11:08  Gateway  
  187  11:15  Stalker x4  
  187  11:45  Stalker x2  
  187  11:46  Stalker x9  
  153  12:02  Probe (Chrono Boost)  
  154  12:11  Probe (Chrono Boost)  
Tags
 
Add a new tag
Caveats
  • Supply blocks, unpowered buildings, or Contaminate may cause inaccurate times.
  • Supply counts are checked every 10 seconds.